 Dungeon Crawl Stone Soup version 0.29-a0-2-g12fcac58f8 (webtiles) character file.

Game seed: 17158499812860627804

8720 ragingrage the Cleaver (level 11, -1/94 HPs)
             Began as a Gargoyle Artificer on Jan 26, 2022.
             Was a Follower of Okawaru.
             Slain by an orc knight (12 damage)
             ... on level 10 of the Dungeon.
             The game lasted 00:16:38 (11676 turns).

ragingrage the Cleaver (Gargoyle Artificer)        Turns: 11676, Time: 00:16:39

Health: -1/94      AC: 25    Str: 19    XL:     11   Next: 35%
Magic:  11/11      EV:  2    Int: 13    God:    Okawaru [*.....]
Gold:   258        SH:  0    Dex: 10    Spells: 10/10 levels left

rFire   + . .      SeeInvis .   H - +0 war axe
rCold   . . .      Faith    .   (no shield)
rNeg    + . .      Spirit   .   (armour currently unavailable)
rPois   ∞          Reflect  .   (helmet currently unavailable)
rElec   .          Harm     .   (cloak currently unavailable)
rCorr   .          Rampage  .   (gloves currently unavailable)
Will    .....      NoTele   +   (boots currently unavailable)
Stlth   +.........              (no amulet)
HPRegen 0.25/turn               M - ring of protection from fire
MPRegen 0.12/turn               n - +4 ring of evasion

@: mighty, tree-form (expiring), studying Slings
A: stationary, stasis, torment immunity, boosted hp, sickness immunity, AC +8,
negative energy resistance 1, (electricity resistance), torment resistance 1,
petrification resistance
a: Renounce Religion, Heroism


You were on level 10 of the Dungeon.
You worshipped Okawaru.
Okawaru was aware of your devotion.
You were a tree.
You visited 2 branches of the dungeon, and saw 11 of its levels.
You also visited: Ossuary and Bailey.

You collected 521 gold pieces.
You spent 263 gold pieces at shops.

Inventory:

Hand Weapons
 a - the +6 mace "Jomel" {vorpal, Fly}
   (You found it on level 5 of the Dungeon)

   It inflicts extra damage upon your enemies.
   Fly:       It grants you flight.
 b - a +0 hand crossbow
 m - a +0 battleaxe
 H - a +0 war axe (weapon)
Missiles
 g - 4 javelins
 j - 16 poisoned darts
 A - 93 bolts
 T - 4 atropa-tipped darts (quivered)
Armour
 f - a +0 pair of boots (melded)
 q - a +0 plate armour (melded)
 O - a +1 cloak of willpower (melded)
Jewellery
 n - a +4 ring of evasion (right branch)
 p - a ring of willpower
 M - a ring of protection from fire (left branch)
 P - a ring of protection from cold
Wands
 c - a wand of flame (31)
 d - a wand of charming (24)
 y - a wand of paralysis (1)
 J - a wand of acid (1)
 S - a wand of iceblast (1)
Scrolls
 h - 2 scrolls of torment {unknown}
 k - 2 scrolls of brand weapon {unknown}
 r - 5 scrolls of identify
 s - 2 scrolls of teleportation {unknown}
 u - a scroll of immolation {unknown}
 x - 2 scrolls of enchant weapon {unknown}
 B - 2 scrolls of blinking {unknown}
 C - 2 scrolls of amnesia {unknown}
 E - a scroll of fog {unknown}
 G - 2 scrolls of silence {unknown}
 I - 3 scrolls of fear
 R - a scroll of magic mapping {unknown}
Potions
 i - 2 potions of cancellation
 l - 6 potions of curing
 o - 2 potions of flight
 v - a potion of lignification
 w - 4 potions of attraction
 z - 4 potions of haste
 D - a potion of invisibility {unknown}
 F - a potion of brilliance {unknown}
 K - 2 potions of magic {unknown}
 L - 2 potions of might
 N - a potion of degeneration {unknown}
 Q - a potion of ambrosia {unknown}
Miscellaneous
 e - a piece from Xom's chessboard (15/15)


   Skills:
 - Level 5.0 Fighting
 + Level 14.5 Axes
 - Level 2.1 Armour
 - Level 0.7 Dodging
 - Level 1.1 Stealth
 - Level 5.0 Evocations


You had 10 spell levels left.
You didn't know any spells.
Your spell library contained the following spells:

 Spells                   Type           Power      Damage    Failure   Level
 Ensorcelled Hibernation  Hex/Ice        0%         N/A       43%         2
 Passwall                 Tmut/Erth      0%         N/A       43%         2
 Wereblood                Tmut           0%         N/A       43%         2
 Ozocubu's Armour         Ice            0%         N/A       67%         3
 Swiftness                Air            0%         N/A       67%         3
 Fulminant Prism          Conj/Hex       0%         3d6       97%         4
 Iskenderun's Mystic Bla  Conj/Tloc      0%         2d3       97%         4
 Olgreb's Toxic Radiance  Pois           0%         N/A       97%         4
 Lee's Rapid Deconstruct  Erth           0%         3d5*      100%        5
 Ozocubu's Refrigeration  Ice            0%         4d5       100%        7
 Ignition                 Fire           0%         3d3       100%        8
 Sublimation of Blood     Necr           Unusable   N/A       N/A         2
 Summon Hydra             Summ           Unusable   N/A       N/A         7

Dungeon Overview and Level Annotations

Branches:
Dungeon (10/15)            Temple (1/1) D:7         Ossuary (visited)
 Bailey (visited)
   Lair: D:8-11         Orc: D:9-12

Altars:
Ashenzari
Cheibriados
Dithmenos
Elyvilon
Fedhas
Gozag
Hepliaklqana
Kikubaaqudgha
Makhleb
Nemelex Xobeh
Okawaru
Qazlal
Ru
Sif Muna
Trog
Uskayaw
Vehumet
Wu Jian
Xom
Yredelemnul
Zin
The Shining One

Shops:
D:4 [   D:6 *   D:7 !

Annotations:
D:3 2 runed translucent doors, awesomeguy42's ghost, weakling TrWr
D:8 Harold


Innate Abilities, Weirdness & Mutations

You are a tree.
Your roots penetrate the ground, keeping you stationary.
You cannot be teleported.
You are immune to unholy pain and torment.
Your maximum health is greatly increased.
Your equipment is partially melded.
You are immune to sickness and miasma.
((Your stone body is resilient. (AC +8)))
You are immune to poison.
You resist negative energy. (rN+)
((You are resistant to electric shocks. (rElec)))
You are resistant to unholy torment.
You are immune to petrification.


Message History

The orc knight hits you with a +0 broad axe!
* * * LOW HITPOINT WARNING * * *
You feel better.
The orc knight hits you but does no damage.
It was a potion of lignification.
You turn into a tree.
Your +1 cloak of willpower melds into your body.
Your +0 pair of boots melds into your body.
Your +0 plate armour melds into your body.
You feel less strong-willed.
Your roots penetrate the ground.
The orc knight hits you but does no damage.
It was a potion of heal wounds.
You feel much better.
The orc knight hits you with a +0 broad axe!
You slash the orc knight!
The orc knight is moderately wounded.
The orc knight hits you with a +0 broad axe!
You closely miss the orc knight.
The orc knight is moderately wounded.
The orc knight hits you but does no damage.
You feel very mighty all of a sudden.
The orc knight hits you with a +0 broad axe.
* * * LOW HITPOINT WARNING * * *
You barely miss the orc knight.
The orc knight is moderately wounded.
You slash the orc knight! Your punch misses the orc knight.
The orc knight is moderately wounded.
The orc knight hits you but does no damage.
You closely miss the orc knight.
The orc knight is moderately wounded.
The orc knight hits you but does no damage.
You completely miss the orc knight.
The orc knight is moderately wounded.
The orc knight hits you with a +0 broad axe!
* * * LOW HITPOINT WARNING * * *
You closely miss the orc knight.
The orc knight is moderately wounded.
You barely miss the orc knight.
The orc knight is moderately wounded.
Your transformation is almost over.
The orc knight hits you with a +0 broad axe!
You die...

##...##..### #.#
##.....## . #.#
#.##...#
.######.######.##.#..#
............#...## ...
#........#.##.## .#
..##.≈≈≈≈≈..#.....## .
.....≈...≈.##......#
#..≈o♣.≈.(...###....#
#..≈.>.≈.##.## #.###
#..≈≈≈≈≈..#..# ..#
#.............# ..#
#............... #..
######.....#...##
##...###... #..## .#..


You could see an orc knight.

Vanquished Creatures
  A centaur warrior (D:8)
  A two-headed ogre (D:9)
  2 orc knights (Bailey)
  Maurice (D:8)
  Prince Ribbit (D:5)
  6 yaks (D:8)
  A wyvern (D:7)
  A human (D:9)
  A steam dragon (D:9)
  2 vampire mosquitoes (D:8)
  2 water moccasins
  4 ice beasts
  5 necrophages
  5 orc warriors
  3 sky beasts
  4 centaurs
  2 ogres (D:4)
  6 kobold brigands (Bailey)
  A phantom (D:6)
  A bullfrog (D:9)
  A wyvern zombie (D:8)
  A gnoll sergeant (D:4)
  6 water moccasin zombies
  A water moccasin skeleton (D:6)
  3 wyvern skeletons
  3 centaur zombies
  3 bullfrog zombies
  2 bullfrog skeletons (D:5)
  A hound (D:5)
  3 jellies
  2 centaur skeletons
  An orc priest (D:8)
  An iguana (D:6)
  A scorpion zombie (D:4)
  6 orc wizards
  A hound skeleton (D:4)
  2 mummies (Ossuary)
  A howler monkey zombie (D:9)
  9 gnolls
  10 adders
  A shadow imp (D:8)
  2 white imps
  8 adder zombies (Ossuary)
  2 worms (D:2)
  3 dart slugs
  9 orcs
  A bat (D:1)
  3 endoplasms
  3 giant cockroaches
  8 goblins
  5 hobgoblins
  A jackal (D:1)
  13 kobolds
  3 quokkas
  10 ball pythons
  A frilled lizard (D:3)
  4 gnoll zombies (Ossuary)
  4 hobgoblin zombies (Ossuary)
  A jackal skeleton (D:4)
  A jackal zombie (D:4)
  2 kobold zombies (Ossuary)
  3 orc zombies (Ossuary)
  3 rats
199 creatures vanquished.

Vanquished Creatures (collateral kills)
  A yak (D:8)
  A human (D:9)
  An orc wizard (D:9)
  A gnoll (D:3)
  2 orcs (D:9)
  2 endoplasms
8 creatures vanquished.

Vanquished Creatures (others)
  A yak (D:8)
  A jackal (D:1)
  2 bushes (D:4)
  12 plants (D:4)
16 creatures vanquished.

Grand Total: 223 creatures vanquished

Notes
Turn   | Place    | Note
-------+----------+-------------------------------------------
     0 | D:1      | ragingrage the Gargoyle Artificer began the quest for the
                  | Orb.
     0 | D:1      | Reached XP level 1. HP: 12/12 MP: 1/1
   271 | D:1      | Reached XP level 2. HP: 15/17 MP: 2/2
  1288 | D:2      | Reached XP level 3. HP: 21/22 MP: 3/3
  1602 | D:2      | Reached XP level 4. HP: 6/28 MP: 4/4
  2683 | D:3      | Found a runed translucent door.
  2683 | D:3      | Noticed awesomeguy42's ghost (weakling TrWr)
  2685 | D:3      | Found a faded altar of an unknown god.
  2781 | D:3      | Found a runed translucent door.
  2810 | D:3      | Reached XP level 5. HP: 26/32 MP: 5/5
  3400 | D:4      | Found a blossoming altar of Fedhas.
  3405 | D:4      | Noticed a necrophage
  3405 | D:4      | Noticed a necrophage
  3406 | D:4      | Noticed a necrophage
  3442 | D:4      | Reached skill level 1 in Axes
  3512 | D:4      | Noticed a necrophage
  3519 | D:4      | Killed a necrophage
  3520 | D:4      | Reached skill level 2 in Axes
  3520 | D:4      | Reached XP level 6. HP: 38/38 MP: 6/6
  3529 | D:4      | Found Hoxobbeoj's Armour Shoppe.
  3553 | D:4      | Reached skill level 5 in Evocations
  3761 | D:4      | Reached skill level 3 in Axes
  3850 | D:3      | Found a bloodstained altar of Trog.
  3875 | D:4      | Reached XP level 7. HP: 38/42 MP: 7/7
  4078 | D:3      | Reached skill level 4 in Axes
  4268 | D:3      | Reached skill level 5 in Axes
  4476 | D:4      | Reached XP level 8. HP: 47/48 MP: 8/8
  4488 | D:4      | Reached skill level 6 in Axes
  4744 | D:5      | Entered Level 5 of the Dungeon
  4794 | D:5      | Noticed Prince Ribbit
  4803 | D:5      | Killed Prince Ribbit
  4804 | D:5      | Reached skill level 7 in Axes
  4817 | D:5      | Found a burning altar of Makhleb.
  5069 | D:5      | Reached skill level 8 in Axes
  5423 | D:5      | Reached XP level 9. HP: 46/52 MP: 9/9
  5520 | D:5      | Identified the +6 mace "Jomel" {vorpal, Fly}
  5868 | D:6      | Reached skill level 9 in Axes
  6102 | D:6      | Found a sand-covered staircase.
  6107 | Ossuary  | Entered an ossuary
  6486 | D:6      | Reached skill level 10 in Axes
  6662 | D:6      | Found Yfu Qon's Assorted Antiques.
  6672 | D:6      | Bought a golden ring for 120 gold pieces
  6675 | D:6      | Bought a scroll labelled ATEASO KAGOOG for 24 gold pieces
  6675 | D:6      | Bought an inky potion for 21 gold pieces
  6675 | D:6      | Bought a purple potion for 21 gold pieces
  6675 | D:6      | Bought a grey potion for 21 gold pieces
  6997 | D:7      | Found a staircase to the Ecumenical Temple.
  7016 | Temple   | Entered the Ecumenical Temple
  7321 | D:7      | Found Cachuj's Distillery.
  7333 | D:7      | Bought a potion of might for 56 gold pieces
  7595 | D:7      | Reached skill level 11 in Axes
  7772 | D:7      | Found a white marble altar of Elyvilon.
  7854 | D:7      | Found a shadowy altar of Dithmenos.
  7982 | D:7      | Found an ancient bone altar of Kikubaaqudgha.
  7982 | D:7      | Found a hide-covered altar of Uskayaw.
  8085 | D:8      | Noticed Maurice
  8424 | D:8      | Reached XP level 10. HP: 48/56 MP: 10/10
  8698 | D:8      | Reached skill level 12 in Axes
  8745 | D:8      | Killed Maurice
  9106 | D:8      | Noticed a centaur warrior
  9121 | D:8      | Killed a centaur warrior
  9122 | D:8      | Reached skill level 13 in Axes
  9472 | D:9      | Noticed Harold
 10098 | D:9      | Found an iron altar of Okawaru.
 10164 | D:9      | Became a worshipper of Warmaster Okawaru
 10356 | D:9      | Found a snail-covered altar of Cheibriados.
 10403 | D:9      | Reached XP level 11. HP: 52/61 MP: 11/11
 10693 | D:9      | Noticed a two-headed ogre
 10706 | D:9      | Killed a two-headed ogre
 10707 | D:9      | Reached skill level 5 in Fighting
 10707 | D:9      | Reached skill level 14 in Axes
 10891 | D:10     | Entered Level 10 of the Dungeon
 10913 | D:10     | Found a flagged portal.
 10930 | Bailey   | Entered a bailey
 10967 | Bailey   | Reached * piety under Okawaru
 11159 | Bailey   | Noticed an orc knight
 11184 | Bailey   | Killed an orc knight
 11422 | Bailey   | Noticed an orc knight
 11470 | Bailey   | Noticed an orc knight
 11499 | Bailey   | Killed an orc knight
 11635 | Bailey   | Found a bloodstained altar of Trog.
 11676 | D:10     | Slain by an orc knight

Illustrated notes

Levels and vault maps discovered:
D:1:      matt_arrival_diagonals, layout_loops_ring, minmay_tripent
D:2:      layout_basic, corexii_leaking_fountain, kennysheep_generic_room_3
D:3:      layout_basic, nicolae_overflow_hidden_temple, ebering_ghost_sewer_f,
          ebering_ecumenical_altar_abandoned, minmay_quadrilaterals
D:4:      layout_cave_pools, fedhas_altar_decomposition, serial_shops, shop,
          lightli_minifort
D:5:      layout_loops_ring, mainiacjoe_overflow_cross_hatched,
          uniq_prince_ribbit1
D:6:      layout_loops_ring, serial_shops, shop, enter_ossuary_2
D:7:      layout_cave_pods, lemuel_round_altar, lemuel_coloured_pillars_altar,
          gammafunk_temple_overflow_elements, minmay_temple_entry_overgrown,
          serial_shops, nicolae_diamond_shop
D:8:      layout_loops_cross, uniq_maurice
D:9:      layout_long_grid, cheibriados_altar_1, okawaru_humans,
          nicolae_benzene_ring, grunt_ministairs_3, uniq_harold
D:10:     hellmonk_destroyed_diamonds, layout_loops_ring, enter_bailey_5,
          chequers_decorated_corner
Temple:   dshaligram_water_room_temple

Skill      XL: |  1  2  3  4  5  6  7  8  9 10 11 |
---------------+----------------------------------+-----
Evocations     | 3 4 5 |  5.0
Fighting       | 2 3 4 5 |  5.0
Axes           | 2 3 5 8 11 13 14 | 14.5
Armour         | |  2.1
Dodging        | |  0.7
Stealth        | |  1.1

Action                   |  1- 3 |  4- 6 |  7- 9 | 10-12 || total
-------------------------+-------+-------+-------+-------++-------
Melee: Mace              |   121 |    72 |   191 |   177 ||   561
       Punch             |     2 |     1 |     8 |     2 ||    13
       War axe           |       |    34 |   148 |    61 ||   243
 Fire: Hunting sling     |       |     9 |       |       ||     9
       Hand crossbow     |       |     7 |    27 |       ||    34
Throw: Throwing net      |       |       |       |     1 ||     1
       Dart              |       |       |       |     4 ||     4
Invok: Heroism           |       |       |       |     1 ||     1
Evoke: Wand              |     2 |     7 |    18 |    48 ||    75
       Piece from Xom's  |       |       |     1 |       ||     1
  Use: Scroll            |       |       |     5 |     1 ||     6
       Potion            |       |       |       |     7 ||     7
 Stab: Distracted        |     1 |       |       |       ||     1
       Sleeping          |       |     1 |       |       ||     1
       Paralysed         |       |       |     6 |    14 ||    20
Armor: Leather armour    |    56 |     2 |       |       ||    58
       Plate armour      |       |    73 |   246 |   201 ||   520
       Skin              |       |       |       |     4 ||     4
Dodge: Dodged            |   106 |    73 |   158 |    97 ||   434

Table legend: (Time is in decaauts)
 A = Elapsed time spent in this place.
 B = Non-inter-level travel time spent in this place.
 C = Inter-level travel time spent in this place.
 D = Time resting spent in this place.
 E = Time spent auto-exploring this place.
 F = Levels seen in this place.
 G = Mean time per level.
                   A        B        C        D        E       F      G
               +--------+--------+--------+--------+--------+-----+--------+
         Total |  11803 |  11337 |    466 |   2664 |   6220 |  13 |  907.9 |
       Dungeon |  10736 |  10294 |    442 |   2195 |   5969 |  10 | 1073.6 |
        Temple |    133 |    109 |     24 |      0 |     99 |   1 |  133.0 |
       Ossuary |    205 |    205 |      0 |      0 |    107 |   1 |  205.0 |
        Bailey |    727 |    727 |      0 |    469 |     45 |   1 |  727.0 |
               +--------+--------+--------+--------+--------+-----+--------+

Top non-repeatable levels by time:
     D:8: 1440 daAuts
     D:2: 1396 daAuts
     D:7: 1334 daAuts
     D:1: 1232 daAuts
     D:4: 1159 daAuts
     D:9: 1126 daAuts
     D:3: 1073 daAuts
     D:5: 1057 daAuts
     D:6: 864 daAuts
  Bailey: 727 daAuts
 Ossuary: 205 daAuts
  Temple: 133 daAuts
    D:10: 52 daAuts
